Map: Pendiente de Agustín EE

Players

TATORREA

  • Race: Protoss Protoss
  • League: Silver
  • Spawn Location: 11:00

MrFercho

  • Race: Zerg Zerg
  • League: Silver
  • Spawn Location: 12:00

tigro

  • Race: Terran Terran
  • League: Bronze
  • Spawn Location: 12:00

Skepticalguy

  • Race: Protoss Protoss
  • Spawn Location: 6:00

AppleWeasel

  • Race: Terran Terran
  • League: Bronze
  • Spawn Location: 5:00

pdizzy

  • Race: Zerg Zerg
  • Spawn Location: 6:00

VOD

Have the link to the VOD?

Description

Time

  • Played on: June 18, 2020, 8:59 p.m.
  • Length: 16:30
Show
View Real Time Build Order
Export as new Build Order

TATORREA Protoss 

Build Orders: Colossus Rush 

Get SALT Encoding   

  12  0:01  Probe  
  13  0:13  Probe  
  14  0:23  Pylon  
  14  0:25  Probe  
  15  0:40  Probe  
  16  0:47  Gateway  
  16  0:48  Probe  
  16  0:52  Assimilator  
  16  0:56  Probe  
  18  1:06  Pylon  
  18  1:07  Probe  
  19  1:18  Assimilator  
  19  1:19  Probe  
  20  1:31  Probe  
  21  1:39  Probe  
  22  1:47  Probe  
  22  1:54  Cybernetics Core  
  23  1:56  Pylon  
  23  2:00  Probe  
  24  2:12  Probe  
  25  2:17  Nexus  
  25  2:24  Pylon  
  25  2:29  Pylon  
  25  2:30  Probe  
  26  2:41  Stalker  
  26  2:42  Probe  
  29  3:03  Gateway x2  
  29  3:15  Robotics Facility  
  29  3:17  Probe  
  30  3:26  Probe  
  30  3:30  Probe  
  32  3:34  Probe  
  33  3:42  Probe  
  33  3:43  Probe  
  33  3:45  Stalker  
  37  3:54  Probe  
  38  3:56  Probe  
  39  4:03  Assimilator  
  39  4:06  Probe  
  39  4:07  Assimilator  
  39  4:08  Probe  
  39  4:09  Robotics Bay  
  41  4:17  Warp Gate  
  41  4:18  Probe  
  41  4:20  Immortal  
  41  4:21  Probe  
  47  4:30  Probe  
  48  4:33  Pylon, Probe  
  48  4:37  Pylon  
  49  4:42  Probe  
  49  4:43  Stalker x2  
  49  4:45  Probe  
  55  4:46  Sentry  
  56  4:58  Probe x2  
  58  5:10  Probe  
  59  5:23  Probe  
  59  5:24  Probe  
  61  5:31  Probe  
  61  5:32  Extended Thermal Lance, Probe  
  61  5:36  Colossus  
  69  5:43  Probe x2  
  69  5:47  Forge  
  71  5:51  Nexus  
  71  5:53  Pylon  
  71  5:55  Probe x2  
  71  5:56  Pylon  
  73  6:07  Probe  
  73  6:08  Probe  
  73  6:10  Pylon  
  75  6:20  Stalker x2, Probe x2  
  75  6:21  Stalker  
  83  6:32  Probe x2  
  85  6:33  Colossus  
  85  6:39  Protoss Ground Weapons Level 1  
  91  7:00  Probe x2  
  93  7:12  Probe x2  
  95  7:23  Probe  
  95  7:24  Probe x2  
  98  7:31  Assimilator  
  98  7:34  Assimilator  
  98  7:35  Stalker, Probe  
  98  7:36  Probe x2  
  98  7:37  Stalker  
  95  7:48  Probe x3  
  95  7:49  Photon Cannon  
  96  7:52  Photon Cannon  
  96  7:54  Nexus  
  96  7:55  Photon Cannon  
  96  7:56  Pylon  
  94  7:59  Photon Cannon  
  94  8:00  Pylon, Probe x3  
  94  8:01  Photon Cannon  
  94  8:03  Shield Battery  
  97  8:07  Shield Battery  
  97  8:12  Probe x3  
  100  8:28  Probe  
  100  8:29  Probe x2  
  103  8:40  Probe  
  103  8:41  Photon Cannon, Probe x2  
  106  8:46  Photon Cannon x2  
  106  8:49  Photon Cannon  
  106  8:51  Photon Cannon  
  106  8:52  Shield Battery  
  106  8:53  Photon Cannon, Shield Battery  
  106  9:13  Probe x4  
  110  9:25  Probe x3  
  113  9:31  Forge  
  113  9:34  Photon Cannon, Forge  
  113  9:37  Photon Cannon  
  113  9:38  Photon Cannon  
  113  9:39  Shield Battery  
  113  9:40  Shield Battery  
  113  9:42  Stalker x2  
  113  9:43  Photon Cannon  
  117  9:46  Photon Cannon  
  117  10:04  Gateway  
  117  10:06  Pylon  
  117  10:09  Gateway  
  117  10:12  Pylon  
  117  10:21  Protoss Ground Armor Level 1, Protoss Shields Level 1  
  110  10:42  Twilight Council  
  107  10:53  Assimilator  
  107  10:55  Assimilator  
  101  10:59  Stalker  
  101  11:00  Stalker  
  101  11:01  Stalker  
  104  11:26  Protoss Ground Weapons Level 2  
  104  11:27  Pylon  
  104  11:29  Pylon  
  104  11:32  Pylon  
  104  11:42  Pylon  
  104  11:46  Pylon  
  104  11:50  Colossus  
  104  11:52  Pylon  
  64  12:30  Probe x2  
  64  12:31  Probe x2  
  68  12:38  Stalker x2  
  68  12:39  Stalker x3  
  68  12:42  Probe  
  68  12:43  Colossus, Probe x3  
  82  12:46  Nexus  
  82  12:49  Pylon  
  88  12:52  Pylon  
  88  12:54  Gateway, Probe  
  88  12:56  Gateway  
  85  12:59  Gateway  
  85  13:01  Gateway  
  85  13:03  Gateway  
  85  13:04  Gateway  
  72  13:08  Gateway  
  72  13:09  Gateway  
  72  13:10  Gateway  
  72  13:12  Stalker, Gateway  
  73  13:13  Stalker x2  
  73  13:14  Stalker x2  
  73  13:16  Gateway  
  73  13:17  Gateway  
  73  13:19  Gateway  
  77  13:21  Gateway  
Show
View Real Time Build Order
Export as new Build Order

MrFercho Zerg 

Build Orders: Hatch First, Lurkers, Muta Ling Bane 

Get SALT Encoding   

  12  0:04  Drone  
  13  0:13  Overlord  
  13  0:23  Drone  
  14  0:37  Drone x2  
  16  0:53  Drone  
  17  0:57  Hatchery, Drone  
  17  1:07  Drone  
  18  1:18  Spawning Pool, Drone  
  18  1:25  Extractor  
  17  1:26  Drone  
  18  1:43  Drone  
  18  1:44  Drone  
  20  1:52  Drone  
  21  2:07  Overlord  
  21  2:10  Queen x2  
  21  2:11  Drone  
  21  2:14  Drone  
  27  2:20  Drone  
  28  2:25  Drone  
  29  2:31  Drone  
  29  2:35  Drone  
  31  2:42  Drone  
  32  2:46  Drone  
  32  2:51  Queen  
  33  2:54  Lair  
  35  3:01  Drone  
  36  3:09  Overlord x2  
  36  3:10  Overlord  
  36  3:27  Extractor  
  35  3:30  Extractor  
  35  3:32  Roach Warren  
  33  3:43  Drone  
  33  3:47  Zergling x2  
  33  3:48  Zergling x12  
  41  3:50  Metabolic Boost  
  41  4:03  Drone x4  
  45  4:10  Drone x2  
  45  4:11  Extractor  
  45  4:13  Drone x3  
  49  4:29  Drone  
  49  4:30  Hatchery, Drone x5  
  54  4:42  Drone x2  
  56  5:00  Evolution Chamber  
  55  5:15  Roach x2  
  55  5:18  Overlord x3  
  55  5:19  Overlord  
  59  5:23  Drone  
  60  5:32  Extractor  
  60  5:33  Extractor  
  60  5:34  Zerg Ground Armor Level 1  
  58  5:39  Drone x2  
  58  5:40  Drone  
  61  5:57  Spire  
  61  5:59  Spire  
  59  6:05  Infestation Pit  
  59  6:06  Drone x3  
  59  6:07  Drone x3  
  64  6:18  Baneling Nest  
  63  6:28  Drone x2  
  63  6:30  Hydralisk Den  
  64  6:39  Spore Crawler  
  63  6:40  Spore Crawler  
  63  6:44  Spore Crawler  
  61  6:48  Spore Crawler  
  61  6:50  Spore Crawler  
  61  6:52  Spore Crawler  
  58  6:55  Drone x15  
  58  6:56  Drone  
  74  7:16  Mutalisk x6  
  74  7:19  Mutalisk x2  
  74  7:22  Overlord x3  
  90  7:29  Overseer x4  
  90  7:47  Centrifical Hooks  
  86  8:13  Mutalisk x3  
  86  8:15  Overlord x2  
  86  8:16  Overlord x3  
  92  8:24  Mutalisk  
  94  8:29  Zergling x2  
  94  8:30  Zergling x24  
  107  9:00  Zerg Melee Weapons Level 1  
  107  9:01  Zerg Flyer Armor Level 1, Zerg Flyer Weapons Level 1  
  107  9:21  Mutalisk x5  
  117  9:49  Hatchery  
  114  9:59  Corruptor  
  102  10:00  Corruptor x5  
  104  10:11  Hydralisk x4  
  104  10:12  Hydralisk  
  104  10:19  Overseer  
  104  10:21  Hydralisk  
  106  10:42  Drone x3  
  109  10:43  Drone x21  
  130  11:00  Hatchery  
  130  11:03  Hatchery  
  111  11:51  Grooved Spines  
  111  11:52  Zerg Flyer Weapons Level 2, Lurker Den, Zerg Flyer Armor Level 2  
  110  11:55  Zerg Missile Weapons Level 1  
  110  12:04  Hive  
  110  12:24  Hydralisk x10  
  110  12:25  Hydralisk x14  
  110  12:27  Overlord  
  110  12:28  Overlord x5  
  110  12:29  Overlord  
  94  13:02  Muscular Augments  
  74  13:07  Lurker x6  
  69  13:14  Hydralisk x15  
  69  13:15  Hydralisk x4  
  86  13:31  Adaptive Talons  
  83  13:37  Hydralisk  
  83  13:38  Hydralisk x4  
  91  13:49  Lurker x3  
  91  13:50  Lurker  
  91  13:52  Lurker  
  96  13:57  Hydralisk  
  90  14:30  Hydralisk x2  
  90  14:31  Hydralisk x4  
Show
View Real Time Build Order
Export as new Build Order

tigro Terran 

Build Orders:  

Get SALT Encoding   

  12  0:02  SCV  
  13  0:14  SCV  
  14  0:26  SCV  
  15  0:28  Supply Depot  
  15  0:34  Refinery  
  15  0:46  Refinery  
  15  0:50  SCV  
  16  1:02  SCV  
  17  1:04  Barracks  
  17  1:14  SCV  
  18  1:26  SCV  
  19  1:36  Supply Depot  
  19  1:38  SCV  
  20  1:50  SCV  
  20  1:52  Marine  
  22  2:02  SCV  
  23  2:10  Marine  
  23  2:14  Barracks  
  24  2:23  SCV  
  24  2:27  Marine  
  26  2:34  Engineering Bay  
  26  2:35  SCV  
  27  2:45  Marine  
  27  2:48  Orbital Command  
  28  3:03  Marine  
  29  3:13  Barracks Tech Lab  
  29  3:16  Factory  
  29  3:26  Barracks Tech Lab  
  29  3:36  Combat Shield  
  29  3:40  Command Center  
  29  3:44  Terran Infantry Weapons Level 1  
  29  3:52  Stimpack  
  29  4:02  Factory Tech Lab  
  29  4:09  Starport  
  29  4:22  Siege Tank  
  32  4:51  Medivac  
  34  4:55  Concussive Shells, Refinery  
  34  5:10  SCV  
  35  5:15  Refinery  
  35  5:22  SCV  
  36  5:34  SCV  
  37  5:38  Terran Infantry Armor Level 1  
  37  5:44  Fusion Core  
  37  5:46  SCV, Siege Tank  
  41  5:58  SCV  
  42  6:10  SCV  
  43  6:15  Marine x2  
  45  6:22  SCV  
  45  6:23  Starport Tech Lab  
  46  6:33  Marine x2  
  46  6:34  Armory  
  46  6:35  SCV  
  49  6:40  Weapon Refit  
  50  6:47  SCV  
  50  6:51  Marine x2  
  52  6:59  SCV  
  53  7:09  Marine x2  
  53  7:10  Missile Turret  
  55  7:25  Starport  
  55  7:32  Neosteel Armor  
  55  7:34  Missile Turret  
  49  8:07  Missile Turret  
  44  8:20  Rapid Reignition System  
  37  8:35  Marine x2  
  38  8:50  SCV  
  38  8:53  Marine x2  
  41  9:02  Thor, SCV  
  48  9:10  Marine  
  48  9:11  Marine  
  48  9:12  Hi-Sec Auto Tracking  
  48  9:13  Starport Tech Lab  
  48  9:14  SCV  
  48  9:15  Medivac  
  53  9:26  SCV  
  53  9:27  Missile Turret  
  53  9:28  Marine x2  
  56  9:38  SCV  
  57  9:46  Marine x2  
  57  9:49  Missile Turret  
  57  10:17  Missile Turret  
  57  10:28  Terran Infantry Weapons Level 2  
  57  10:51  SCV  
  57  10:55  Missile Turret  
  57  10:56  Supply Depot  
  58  11:03  SCV  
  59  11:15  Missile Turret, SCV  
  59  11:17  Thor  
  59  11:18  Supply Depot  
  66  11:22  Medivac  
  68  11:27  SCV  
  69  11:39  SCV  
  76  11:40  Supply Depot, Battlecruiser  
  76  11:51  SCV  
  76  11:52  Missile Turret  
  75  12:00  Thor  
  75  12:01  Marine x2  
  62  12:02  Supply Depot  
  62  12:03  SCV  
  61  12:13  Missile Turret  
  58  12:19  Marine x2  
  45  12:34  Missile Turret  
  45  12:36  Marine  
  45  12:37  Marine  
  36  12:43  Thor  
  36  12:44  Battlecruiser, Terran Infantry Armor Level 2  
  47  12:47  Command Center  
  46  12:54  Marine x2  
  46  12:56  Missile Turret  
  33  13:12  Marine x2  
  31  13:13  Medivac  
  34  13:21  Missile Turret  
  26  13:39  Supply Depot  
  24  13:51  Supply Depot  
  18  13:59  Marine x2, Battlecruiser  
  24  14:15  Supply Depot  
  24  14:17  Marine x2  
  26  14:37  Factory  
  26  14:48  Marine x2  
  28  14:53  SCV  
  24  15:52  Marine x2  
  26  16:08  Missile Turret  
  26  16:10  Marine x2  
  28  16:28  Missile Turret  
Show
View Real Time Build Order
Export as new Build Order

Skepticalguy Protoss 

Build Orders: Carriers 

Get SALT Encoding   

  12  0:01  Probe  
  13  0:14  Probe  
  14  0:26  Probe  
  14  0:27  Pylon  
  15  0:42  Probe  
  15  0:46  Gateway  
  16  0:51  Probe  
  16  0:53  Assimilator  
  17  1:00  Probe  
  18  1:13  Probe  
  19  1:25  Probe  
  20  1:35  Cybernetics Core  
  20  1:39  Pylon  
  20  1:47  Probe  
  21  1:59  Probe  
  22  2:02  Nexus  
  22  2:09  Assimilator  
  22  2:11  Probe  
  23  2:23  Probe  
  23  3:03  Probe  
  24  3:12  Stargate  
  24  3:14  Probe  
  24  3:15  Probe  
  26  3:26  Probe  
  28  3:27  Probe  
  28  3:38  Probe  
  28  3:39  Probe  
  30  3:46  Stargate  
  30  3:50  Probe  
  30  3:51  Probe  
  32  4:02  Probe  
  33  4:03  Probe  
  33  4:05  Phoenix  
  36  4:11  Assimilator  
  36  4:13  Probe  
  36  4:15  Assimilator  
  36  4:16  Probe, Stargate  
  37  4:21  Probe  
  38  4:25  Probe  
  38  4:30  Probe  
  40  4:33  Probe, Phoenix  
  44  4:54  Cybernetics Core  
  44  4:56  Phoenix  
  46  5:10  Pylon  
  46  5:19  Pylon  
  46  5:27  Phoenix x3  
  46  5:28  Probe x2  
  54  5:40  Probe x2  
  56  5:51  Protoss Air Armor Level 1  
  56  5:52  Probe x2, Phoenix  
  56  5:55  Protoss Air Weapons Level 1  
  62  6:04  Probe x2  
  62  6:25  Pylon  
  62  6:27  Pylon  
  62  6:29  Pylon  
  62  6:31  Forge  
  62  6:41  Nexus  
  62  6:43  Phoenix x3, Probe  
  62  6:46  Assimilator  
  69  6:49  Assimilator  
  69  6:58  Fleet Beacon  
  69  7:08  Phoenix x2  
  73  8:22  Void Ray x3  
  83  8:47  Probe  
  83  8:50  Probe x2  
  83  8:55  Probe  
  86  9:02  Probe x2  
  101  9:19  Probe x3  
  101  9:20  Photon Cannon, Carrier  
  101  9:22  Photon Cannon  
  98  9:25  Pylon  
  98  9:26  Photon Cannon, Pylon  
  98  9:28  Photon Cannon, Pylon  
  98  9:31  Probe  
  98  9:37  Stargate  
  98  9:38  Stargate  
  99  9:40  Stargate  
  99  9:43  Carrier  
  99  9:44  Carrier  
  99  9:45  Protoss Air Weapons Level 2  
  101  10:22  Probe x3  
  101  10:24  Carrier  
  108  10:34  Probe x3  
  105  10:42  Carrier x2  
  117  10:46  Probe x3  
  120  10:58  Probe x2  
  122  11:12  Carrier  
  122  11:29  Pylon  
  122  11:30  Pylon  
  122  11:32  Pylon  
  122  11:34  Pylon  
  122  11:42  Pylon  
  122  11:43  Pylon  
  122  11:44  Protoss Air Armor Level 2  
  122  11:45  Pylon  
  128  11:47  Pylon, Carrier  
  128  11:48  Carrier x2  
  140  11:59  Nexus  
  140  12:02  Carrier  
  144  12:45  Carrier  
  144  12:46  Carrier  
  162  12:51  Carrier  
  162  13:03  Assimilator  
  162  13:05  Assimilator  
  162  13:17  Protoss Air Weapons Level 3  
  150  13:45  Carrier x3  
  168  14:05  Carrier  
  174  14:35  Carrier x2  
  186  14:56  Carrier x2  
Show
View Real Time Build Order
Export as new Build Order

AppleWeasel Terran 

Build Orders:  

Get SALT Encoding   

  12  0:15  SCV  
  13  0:32  Supply Depot  
  13  0:42  SCV  
  14  0:54  SCV  
  15  0:59  Barracks  
  15  1:06  SCV  
  16  1:12  Refinery  
  16  1:19  SCV  
  17  1:31  SCV  
  18  1:43  SCV  
  19  1:55  SCV  
  19  1:59  Command Center  
  20  2:23  Marine  
  21  2:41  Marine  
  22  2:46  Barracks  
  22  2:59  Marine  
  23  3:15  Refinery  
  23  3:16  Marine, SCV  
  25  3:28  SCV  
  25  3:29  Refinery  
  26  3:34  Marine  
  26  3:36  Barracks Reactor  
  26  3:40  SCV  
  28  3:47  Factory  
  28  3:52  Marine, SCV  
  28  3:54  Supply Depot  
  30  4:04  SCV  
  31  4:10  Marine  
  31  4:16  Supply Depot, SCV  
  33  4:20  SCV  
  34  4:29  SCV  
  35  4:32  SCV  
  35  4:38  Supply Depot, Armory, Factory Tech Lab  
  36  4:41  SCV  
  36  4:43  Barracks Tech Lab  
  36  4:44  Marine x2, SCV  
  40  4:53  SCV  
  40  4:56  SCV  
  42  5:02  Supply Depot, Marine x2  
  42  5:05  SCV  
  45  5:08  SCV  
  46  5:20  Marine x2, SCV  
  49  5:24  Supply Depot  
  49  5:32  SCV  
  50  5:36  Thor  
  50  5:38  Marine x2  
  50  5:41  Smart Servos  
  58  5:44  SCV, Orbital Command  
  58  5:48  Supply Depot  
  59  5:59  Refinery  
  59  6:12  Supply Depot  
  59  6:17  Factory  
  59  6:19  Thor  
  65  6:34  Supply Depot  
  65  6:48  Command Center  
  65  6:56  Supply Depot  
  65  7:02  Factory  
  65  7:15  Factory Tech Lab  
  65  7:19  Supply Depot  
  65  7:21  Thor  
  71  7:26  Marine x3  
  74  7:32  SCV  
  75  7:44  Marine x3  
  75  7:45  Orbital Command, SCV  
  79  8:02  Marine x3  
  79  8:03  Refinery  
  79  8:04  Thor  
  88  8:12  Supply Depot  
  88  8:20  Marine x3  
  91  8:33  Factory Tech Lab  
  91  8:35  Supply Depot  
  91  8:37  Marine  
  91  8:38  Marine x2  
  91  8:40  Stimpack  
  94  8:46  Starport  
  94  8:47  Thor  
  100  8:55  Marine x2  
  100  8:56  Marine  
  100  8:58  Supply Depot, Thor  
  109  9:12  SCV  
  109  9:13  Marine x3  
  113  9:21  Supply Depot  
  113  9:24  SCV  
  114  9:25  Starport  
  114  9:27  Thor  
  114  9:29  Thor  
  114  9:31  Marine x3  
  126  9:36  SCV  
  130  9:48  SCV  
  130  9:49  Marine x2  
  130  9:52  Supply Depot  
  124  10:00  SCV  
  124  10:04  Fusion Core  
  119  10:15  Supply Depot  
  119  10:20  Combat Shield  
  119  10:39  Marine x2  
  119  10:40  Marine  
  122  10:43  Thor x3  
  122  10:47  Medivac  
  142  10:57  Marine x2  
  142  10:58  Marine  
  145  11:10  Starport Tech Lab  
  145  11:15  Marine x3  
  148  11:18  Weapon Refit  
  148  11:24  Supply Depot  
  148  11:47  Supply Depot  
  145  11:57  Command Center  
  101  12:10  Supply Depot  
  95  12:24  Battlecruiser  
  95  12:26  Starport Tech Lab  
  86  13:14  Marine x3  
  89  13:29  Battlecruiser  
  89  13:32  Marine x3  
  92  13:50  Marine x3  
  95  14:07  Marine  
  95  14:08  Marine x2  
  86  14:16  Thor  
  86  14:17  Thor x2  
  78  14:24  SCV  
  78  14:26  Marine  
  78  14:29  Marine x2  
  78  14:31  Refinery  
  82  14:33  Battlecruiser  
  82  14:36  SCV  
  89  14:43  Marine  
  90  14:47  Marine x2  
  90  14:48  SCV  
  88  14:59  Thor x2  
  87  15:00  SCV  
  87  15:01  Marine  
  87  15:04  Marine  
  87  15:05  Marine  
  91  15:12  SCV  
  92  15:19  Marine  
Show
View Real Time Build Order
Export as new Build Order

pdizzy Zerg 

Build Orders: Hatch First, Roach Hydra 

Get SALT Encoding   

  12  0:01  Drone  
  13  0:12  Overlord  
  13  0:16  Drone  
  14  0:31  Drone x2  
  14  0:35  Drone  
  17  0:48  Drone  
  18  1:01  Drone  
  18  1:03  Hatchery  
  18  1:12  Spawning Pool  
  18  1:15  Drone  
  18  1:17  Drone  
  19  1:21  Extractor  
  18  1:28  Drone  
  19  1:39  Drone  
  20  1:50  Drone  
  21  2:02  Drone  
  22  2:11  Overlord  
  22  2:14  Queen  
  22  2:15  Queen  
  26  2:16  Drone  
  27  2:23  Drone  
  27  2:29  Drone  
  29  2:33  Drone  
  29  2:36  Drone  
  31  2:43  Drone  
  32  2:51  Drone  
  32  2:53  Lair  
  32  2:56  Overlord  
  33  2:59  Queen  
  33  3:01  Drone  
  36  3:07  Overlord  
  36  3:14  Drone  
  36  3:15  Drone  
  36  3:19  Drone  
  39  3:26  Overlord  
  39  3:29  Drone x3  
  39  3:30  Drone  
  39  3:31  Drone x2  
  39  3:32  Drone  
  46  3:41  Drone  
  46  3:46  Extractor  
  46  3:47  Extractor  
  45  3:50  Drone  
  45  3:51  Drone  
  47  3:55  Evolution Chamber  
  47  3:56  Drone  
  47  3:57  Roach Warren  
  47  3:58  Evolution Chamber  
  45  4:04  Drone x4  
  45  4:06  Hatchery, Drone  
  45  4:07  Drone x3  
  52  4:19  Drone  
  52  4:20  Drone  
  54  4:24  Zerg Missile Weapons Level 1  
  54  4:25  Zerg Ground Armor Level 1  
  54  4:40  Roach  
  54  4:41  Roach x2  
  54  4:42  Overlord x2  
  60  4:50  Glial Reconstitution  
  60  5:00  Roach x3  
  60  5:01  Roach x3  
  60  5:05  Queen  
  74  5:09  Roach  
  74  5:11  Overlord x2  
  76  5:15  Overlord x2  
  76  5:19  Roach x2  
  76  5:20  Roach  
  82  5:29  Drone x3  
  82  5:35  Drone x5  
  90  5:42  Drone x3  
  93  5:48  Extractor  
  93  5:49  Extractor  
  91  5:50  Drone  
  91  5:51  Queen  
  91  5:52  Drone x2  
  96  6:24  Drone x2  
  96  6:25  Drone x9  
  107  6:26  Hatchery  
  106  6:45  Overlord  
  106  6:46  Overlord x4  
  106  6:54  Extractor  
  106  6:56  Zerg Missile Weapons Level 2  
  106  6:57  Zerg Ground Armor Level 2  
  106  6:58  Hydralisk Den  
  104  7:03  Infestation Pit  
  104  7:22  Drone  
  104  7:23  Drone x10  
  104  7:27  Drone  
  115  7:45  Drone  
  115  7:46  Hydralisk, Drone x3  
  115  7:47  Hydralisk x2  
  125  7:59  Hydralisk x2  
  125  8:00  Hydralisk x3  
  135  8:06  Extractor, Spore Crawler  
  135  8:08  Hive  
  135  8:09  Grooved Spines  
  135  8:12  Hydralisk x7  
  133  8:15  Hydralisk  
  133  8:17  Overlord  
  133  8:18  Overlord  
  133  8:19  Overlord  
  149  8:20  Overlord, Hydralisk  
  149  8:26  Hydralisk x2  
  153  8:31  Hydralisk x2  
  153  8:33  Overlord  
  153  8:34  Overlord  
  159  8:36  Hydralisk x3  
  165  8:45  Hydralisk  
  165  8:46  Hydralisk x2  
  171  9:01  Hydralisk x11  
  193  9:08  Extractor  
  193  9:10  Drone x3  
  195  9:19  Spine Crawler  
  195  9:20  Muscular Augments  
  195  9:21  Spine Crawler  
  193  9:33  Spore Crawler  
  193  9:35  Spore Crawler  
  193  9:37  Spine Crawler x2  
  189  9:40  Drone x4  
  189  9:41  Spine Crawler  
  189  9:42  Spine Crawler, Spore Crawler  
  189  9:43  Drone x2  
  189  9:44  Drone x2  
  189  9:45  Drone x2  
  196  9:48  Spine Crawler  
  195  10:28  Hydralisk x2  
  195  10:30  Drone  
  200  10:38  Hatchery  
  197  10:57  Hatchery  
  190  12:13  Hydralisk x2  
  190  12:14  Hydralisk x3  
  200  12:22  Zerg Missile Weapons Level 3  
  196  12:23  Zerg Ground Armor Level 3  
  196  12:33  Lurker Den  
  167  13:21  Hydralisk x9  
  167  13:22  Hydralisk x6  
  187  13:48  Hydralisk x6  
  199  14:20  Drone  
  200  14:28  Extractor  
  189  15:21  Drone  
  189  15:22  Drone x4  
  194  15:28  Overseer  
  194  15:29  Overseer  
  194  15:30  Overseer  
  194  15:33  Drone  
  194  15:34  Drone x5  
  191  15:50  Drone  
  191  15:51  Drone x6  
  191  16:07  Drone x7  
  191  16:08  Drone x2  
  200  16:13  Overseer  
Tags
 
Add a new tag
Caveats
  • Supply blocks, unpowered buildings, or Contaminate may cause inaccurate times.
  • Supply counts are checked every 10 seconds.